 Dungeon Crawl Stone Soup version 0.17-a0-2070-g2a5e0a8 (webtiles) character file.

152 Ordine the Caller (level 5, -6/35 HPs)
             Began as a Mummy Wizard on Oct 14, 2015.
             Mangled by Kromin's ghost (8 damage)
             ... on level 3 of the Dungeon.
             The game lasted 00:19:30 (8505 turns).

Ordine the Caller (Mummy Wizard)                    Turns: 8505, Time: 00:19:30

Health: -6/35      AC:  3    Str: 10    XL:     5   Next: 11%
Magic:  4/9        EV:  7    Int: 19    God:
Gold:   145        SH:  0    Dex: 10    Spells: 3 memorised, 4 levels left

rFire  x . .     SeeInvis .     g - +2 dagger (speed)
rCold  + . .     Clarity  .     a - +0 robe
rNeg   + + +     SustAt   +     (no shield)
rPois  ∞         Gourm    .     b - +0 hat
rElec  .         Spirit   .     h - +0 cloak
rCorr  .         Warding  .     (no gloves)
rMut   .         Stasis   .     (no boots)
MR     .....                    (no amulet)
Stlth  ++........               (no ring)
                                i - ring of sustain attributes

@: not resistant to hostile enchantments, unstealthy
A: no food or potions, fire vulnerability, cold resistance 1, negative energy
resistance 3, torment resistance, unbreathing
a: no special abilities


You were on level 3 of the Dungeon.
You were not hungry.

You visited 1 branch of the dungeon, and saw 3 of its levels.

You collected 145 gold pieces.

Inventory:

Hand Weapons
 g - a +2 dagger of speed (weapon)
Armour
 a - a +0 robe (worn)
 b - a +0 hat (worn)
 h - a +0 cloak (worn)
Jewellery
 i - a ring of sustain attributes (left hand)
Scrolls
 d - 2 scrolls of amnesia
 e - 2 scrolls of identify
 f - a scroll of teleportation
Books
 c - a book of Minor Magic

   Spells                             Type                      Level
   a - Magic Dart                     Conjuration                  1
   b - Blink                          Translocation                2
   c - Call Imp                       Summoning                    2
   d - Repel Missiles                 Charms/Air                   2
   e - Slow                           Hexes                        2
   f - Conjure Flame                  Conjuration/Fire             3
   g - Mephitic Cloud                 Conjuration/Poison/Air       3


   Skills:
 - Level 1.5 Dodging
 - Level 1.5 Stealth
 - Level 3.0 Spellcasting
 - Level 1.6 Conjurations
 + Level 3.8 Summonings
   Level 0.7 Translocations


You had 4 spell levels left.
You knew the following spells:

 Your Spells              Type           Power        Failure   Level  Hunger
a - Magic Dart            Conj           #...         10%         1    N/A
b - Call Imp              Summ           ###.....     6%          2    N/A
c - Mephitic Cloud        Conj/Pois/Air  #.......     38%         3    N/A

Dungeon Overview and Level Annotations

Branches:
Dungeon (3/15)

Altars:
Kikubaaqudgha
Nemelex Xobeh
Ru

Annotations:
D:3 Kromin's ghost, amateur GrMo


Innate Abilities, Weirdness & Mutations

You do not eat or drink.
Your flesh is vulnerable to fire.
You are immune to poison.
Your flesh is cold resistant.
You are immune to negative energy.
You are immune to unholy pain and torment.
You can survive without breathing.


Message History

* * * LOW HITPOINT WARNING * * *
You see here a club.
Found a thin jewelled staff and 11 gold pieces.
Kromin's ghost closely misses you.
Kromin's ghost assumes a wrestling stance.
Found 16 sling bullets.
Your shadow imp disappears in a puff of smoke!
Kromin's ghost hits you!
* * * LOW HITPOINT WARNING * * *
Your white imp gestures at Kromin's ghost.
The puff of frost hits Kromin's ghost.
Your white imp gestures at Kromin's ghost.
The puff of frost hits Kromin's ghost.
Kromin's ghost barely misses you. Kromin's ghost hits you.
* * * LOW HITPOINT WARNING * * *
There is a stone staircase leading up here.
Unknown command.
Kromin's ghost hits you!
You die...

#. ####### ... #..#.. #.#
#..#.# #.# #..#.##########
#.# #.#.............. # #.#
#...@............
##.###.##########W...........
............5............!...
######.######################
.............. ..####......(.
..# #5....... ..# #5.......
55# #.$......


You could see Kromin's ghost.

Vanquished Creatures
  An adder (D:2)
  A giant gecko (D:1)
  4 bats
  10 goblins
  5 hobgoblins
  3 jackals (D:1)
  5 kobolds
  2 giant cockroaches
  7 giant newts
  6 rats
  A bush (D:2)
  5 plants (D:2)
50 creatures vanquished.

Vanquished Creatures (collateral kills)
  An orc wizard (D:3)
  7 adders
  3 gnolls (D:2)
  An ooze (D:2)
  2 worms (D:3)
  5 orcs (D:3)
  2 ball pythons
  A giant cockroach (D:2)
  3 hobgoblins
  11 jackals
  2 bats (D:2)
  A giant gecko (D:1)
  A giant newt (D:1)
  3 goblins (D:2)
  5 kobolds
  2 rats (D:2)
50 creatures vanquished.

Grand Total: 100 creatures vanquished

Notes
Turn   | Place    | Note
--------------------------------------------------------------
     0 | D:1      | Ordine the Mummy Wizard began the quest for the Orb.
     0 | D:1      | Reached XP level 1. HP: 13/13 MP: 4/4
    14 | D:1      | Reached skill level 1 in Conjurations
   153 | D:1      | Reached XP level 2. HP: 11/19 MP: 1/6
   280 | D:1      | Learned a level 2 spell: Call Imp
   345 | D:1      | Reached skill level 1 in Summonings
  1962 | D:1      | Reached XP level 3. HP: 24/24 MP: 3/7
  2004 | D:1      | Learned a level 3 spell: Mephitic Cloud
  4101 | D:2      | Reached XP level 4. HP: 30/30 MP: 0/8
  4524 | D:2      | Found a sacrificial altar of Ru.
  4615 | D:2      | Found an ancient bone altar of Kikubaaqudgha.
  5841 | D:2      | Found a sparkling altar of Nemelex Xobeh.
  7061 | D:3      | Noticed Kromin's ghost (amateur GrMo)
  8357 | D:3      | Reached XP level 5. HP: 35/35 MP: 0/9
  8504 | D:3      | HP: 1/35 [Kromin's ghost (4)]
  8505 | D:3      | Mangled by Kromin's ghost

Vault maps used:
D:1:      tarquinn_simple_flora_water_c
D:2:      lemuel_round_altar, lemuel_doored_altar, serial_forest,
          infiniplex_forest_split, infiniplex_forest_clump_curved,
          infiniplex_forest_straight_3, infiniplex_forest_straight_4,
          infiniplex_forest_split, infiniplex_forest_clump_C,
          infiniplex_forest_clump_medium, lemuel_tele_altar

Action                   |  1- 3 |  4- 6 || total
-------------------------+-------+-------++-------
Melee: Dagger            |    21 |   782 ||   803
 Cast: Magic Dart        |    51 |    33 ||    84
       Call Imp          |    37 |    50 ||    87
  Use: Scroll            |     3 |     4 ||     7
